cohdb
Replays
Latest Replays
All Replays
Popular Replays
Top Player Replays
Match Explorer
How It Works
Community
CoH3 Stats
Reddit
Sign in to upload your games and track your stats! →
Sign in with Steam
Match 44288308
Unlisted
Match 44288308
Overview
Messages
Build Orders
End
Construct Weapon Support Center
Engineer Squad
M1919 Machine Gun Team
Bazooka Squad
M1919 Machine Gun Team
Infantry Support Center
Selects Heavy Weapons
Selects M2HB .50cal Heavy Machine Gun
Bazooka Squad
Engineer Squad
M3 Armored Personnel Carrier
Selects Assault Carriers
Improved M9 Bazooka Rockets
Construct Barracks
Bazooka Squad
Riflemen Squad
Munitions Surplus
M3 Assault Carrier
Selects Rapid Reposition
M1919 Machine Gun Team
M3 Assault Carrier
Selects Black Dragon Artillery Barrage
Bazooka Squad
M3 Assault Carrier
Black Dragon Artillery Barrage
Bazooka Squad
M1919 Machine Gun Team
1XStyleDE
DeKoninck23
ghetto_capitalist
Tesla
dkluan92
ManFrau
fancy bruce
Electrobolt
0
0
Comments
sign in to comment!
No comments posted yet!